 Dungeon Crawl Stone Soup version 0.17.2 (webtiles) character file.

901 Goblin1989 the Poker (level 7, 0/44 HPs)
             Began as a Demonspawn Fighter on July 9, 2016.
             Was an Initiate of Gozag.
             Slain by a killer bee (2 damage)
             ... on level 6 of the Dungeon.
             The game lasted 00:12:10 (3686 turns).

Goblin1989 the Poker (Demonspawn Fighter)           Turns: 3686, Time: 00:12:11

Health: 0/44       AC: 13    Str: 19    XL:     7   Next: 80%
Magic:  7/7        EV:  3    Int:  9    God:    Gozag
Gold:   489        SH:  9    Dex: 18    Spells: 0 memorised, 6 levels left

rFire  . . .     SeeInvis .     a - +0 trident
rCold  . . .     Clarity  .     v - +0 plate armour
rNeg   . . .     SustAt   .     c - +0 shield
rPois  .         Gourm    .     (helmet restricted)
rElec  .         Spirit   .     q - +0 cloak
rCorr  .         Warding  .     (no gloves)
rMut   .         Stasis   .     t - +0 pair of boots
MR     .....                    (no amulet)
Stlth  ..........               (no ring)
                                n - +4 ring of dexterity

@: lethally poisoned (0 -> -1), very slightly contaminated, not resistant to
hostile enchantments, extremely unstealthy
A: antennae 2, thin skeletal structure 1, demonic guardian 1, frail 2, evolution
1
a: Potion Petition, Call Merchant, Bribe Branch, Renounce Religion


You were on level 6 of the Dungeon.
You worshipped Gozag.
Gozag was noncommittal.
You were very full.

You visited 1 branch of the dungeon, and saw 6 of its levels.

You collected 489 gold pieces.

Inventory:

Hand Weapons
 a - a +0 trident (weapon)
Armour
 c - a +0 shield (worn)
 q - a +0 cloak (worn)
 t - a +0 pair of boots (worn)
 v - a +0 plate armour (worn)
Jewellery
 e - a +2 ring of dexterity
 n - a +4 ring of dexterity (left hand)
 p - an uncursed ring of ice
Wands
 m - a wand of confusion (32)
 x - a wand of fire (7)
Scrolls
 f - 4 scrolls of remove curse
 h - 2 scrolls of noise
 k - 2 scrolls of enchant weapon
 l - 3 scrolls of immolation
 o - 4 scrolls of teleportation
 s - 2 scrolls of fog
 y - a scroll of amnesia {unknown}
 z - a scroll of identify
Potions
 d - a potion of might
 i - a potion of curing
 u - a potion of lignification {unknown}
Books
 g - a book of Air

   Spells                             Type                      Level
   a - Shock                          Conjuration/Air              1
   b - Swiftness                      Charms/Air                   2
   c - Repel Missiles                 Charms/Air                   2
   d - Static Discharge               Conjuration/Air              3
   e - Lightning Bolt                 Conjuration/Air              5


   Skills:
 + Level 5.2 Fighting
   Level 3.5 Maces & Flails
 * Level 5.9 Polearms
 + Level 3.0 Armour
 + Level 3.0 Shields


You had 6 spell levels left.
You didn't know any spells.

Dungeon Overview and Level Annotations

Branches:
Dungeon (6/15)             Temple (0/1) D:4

Altars:
Fedhas
Gozag

Annotations:
D:3 Terence


Innate Abilities, Weirdness & Mutations

You have a pair of antennae on your head.
You have a somewhat thin skeletal structure (Dex +2, Stealth).
A weak demonic guardian rushes to your aid.
You are very frail (-20% HP).
You evolve.


Message History

You puncture the adder!
You kill the adder!
You feel sick. The killer bee barely misses you.
You block the killer bee's attack.
You take 1 damage, and have 4/44 hp.
You completely miss the killer bee.
The killer bee stings you but does no damage.
The killer bee stings you.
* * * LOW HITPOINT WARNING * * *
You take 2 damage, and have 2/44 hp.
You barely miss the killer bee.
You flicker back into view.
The killer bee stings you but does no damage.
You block the killer bee's attack. x2
Unknown command.
You miss the killer bee.
* * * LOW HITPOINT WARNING * * *
You feel sick. The killer bee stings you.
You die...
Your body crumbles into a pile of gold.

*** *,,,,,, *,*,,,,
#####***********,*****
#....**,,,,,,,,,,*
#?...**,**********
#....,,,*
*,...*****************
***#y##,,,,,,,,,*,,,,,
#.@#,#***,,,,*,,,,,
##$#.####.,,,*,,***
###.$......,,,*,,***
#...$.#..#.,,,,,,*,,
#.#.#.#,,..,,,**,*,*
#.#.#.#,*<,,,,,,,,,,
#<#!..#,,,***,,,,*,*
#######**,* **,***,*
*,,,,,,$* *,,,,,,*


You could see a killer bee.

Vanquished Creatures
  Sigmund (D:3)
  An ice beast (D:4)
  An ogre (D:5)
  The ghost of emiel the Chopper, an amateur DsSk (D:3)
  A scorpion (D:4)
  4 killer bees (D:6)
  A crimson imp (D:5)
  Ijyb (D:2)
  An orc wizard (D:3)
  Jessica (D:2)
  An iguana (D:4)
  A hound skeleton (D:4)
  A worker ant zombie (D:4)
  Robin (D:2)
  2 adders
  An ooze (D:2)
  2 adder zombies
  4 giant geckos
  6 orcs
  7 bats
  4 giant cockroaches
  10 goblins
  4 hobgoblins
  4 jackals (D:4)
  5 kobolds
  2 giant newts
  9 rats
77 creatures vanquished.

Vanquished Creatures (collateral kills)
  A killer bee (D:6)
  An orc (D:3)
  2 goblins (D:2)
4 creatures vanquished.

Grand Total: 81 creatures vanquished

Notes
Turn   | Place    | Note
--------------------------------------------------------------
     0 | D:1      | Goblin1989 the Demonspawn Fighter began the quest for the Orb.
     0 | D:1      | Reached XP level 1. HP: 18/18 MP: 1/1
   237 | D:1      | Gained mutation: A weak demonic guardian rushes to your aid. [demonic ancestry]
   237 | D:1      | Reached XP level 2. HP: 18/24 MP: 2/2
   686 | D:2      | Noticed Robin
   701 | D:2      | Killed Robin
   701 | D:2      | Gained mutation: You have a pair of small antennae on your head. [demonic ancestry]
   701 | D:2      | Reached XP level 3. HP: 19/30 MP: 3/3
   757 | D:2      | Noticed Jessica
   762 | D:2      | Noticed Ijyb
   768 | D:2      | Killed Jessica
   768 | D:2      | Reached skill level 4 in Fighting
   774 | D:2      | Killed Ijyb
   774 | D:2      | Reached XP level 4. HP: 14/38 MP: 4/4
  1353 | D:2      | Reached skill level 5 in Fighting
  1597 | D:3      | Noticed emiel's ghost (amateur DsSk)
  1641 | D:3      | Noticed Sigmund
  1698 | D:3      | Killed emiel's ghost
  1698 | D:3      | Gained mutation: You have a pair of antennae on your head. [demonic ancestry]
  1698 | D:3      | Reached XP level 5. HP: 24/44 MP: 5/5
  1729 | D:3      | Found a faded altar to an unknown god.
  1741 | D:3      | Became a worshipper of Gozag Ym Sagoz the Greedy
  1893 | D:3      | Reached skill level 1 in Polearms
  2333 | D:3      | Noticed Terence
  2427 | D:3      | Killed Sigmund
  2427 | D:3      | Reached XP level 6. HP: 31/51 MP: 6/6
  2616 | D:4      | Found a staircase to the Ecumenical Temple.
  3021 | D:4      | Found a blossoming altar of Fedhas.
  3037 | D:4      | Gained mutation: You have a somewhat thin skeletal structure (Dex +2, Stealth). [demonic ancestry]
  3037 | D:4      | Reached XP level 7. HP: 20/56 MP: 7/7
  3464 | D:5      | Entered Level 5 of the Dungeon
  3491 | D:5      | Reached skill level 5 in Polearms
  3642 | D:6      | Gained mutation: You evolve. [potion of mutation]
  3642 | D:6      | Gained mutation: You are frail (-10% HP). [potion of mutation]
  3642 | D:6      | Gained mutation: You are very frail (-20% HP). [potion of mutation]
  3684 | D:6      | HP: 2/44 [killer bee (2)]
  3686 | D:6      | Slain by a killer bee

Action                   |  1- 3 |  4- 6 |  7- 9 || total
-------------------------+-------+-------+-------++-------
Melee: Flail             |    81 |    40 |       ||   121
       Trident           |       |   135 |    96 ||   231
  Use: Potion            |       |     3 |     7 ||    10
       Scroll            |       |     9 |     1 ||    10
 Stab: Invisible         |       |       |     9 ||     9
  Eat: Chunk             |       |     1 |       ||     1
       Meat ration       |       |     2 |       ||     2
       Bread ration      |       |     2 |       ||     2
